 Dungeon Crawl Stone Soup version 0.28-a0-1235-g7c8fac35f0 (webtiles) character file.

Game seed: 17276280969000263241

204 HessuHobo the Chopper (level 5, 0/70 HPs)
             Began as a Minotaur Berserker on Dec 25, 2021.
             Was a Priest of Trog.
             Slain by a jelly (3 damage)
             ... in a sewer.
             The game lasted 00:02:53 (2777 turns).

HessuHobo the Chopper (Minotaur Berserker)          Turns: 2777, Time: 00:02:54

Health: 0/70       AC: -2    Str: 24    XL:     5   Next: 52%
Magic:  4/4        EV: 11    Int:  4    God:    Trog [***...]
Gold:   120        SH:  0    Dex:  9    Spells: 4/4 levels left

rFire   . . .      SeeInvis .   a - +0 hand axe
rCold   . . .      Faith    .   (no shield)
rNeg    . . .      Spirit   .   e - +0 ring mail
rPois   .          Reflect  .   (helmet restricted)
rElec   .          Harm     .   (no cloak)
rCorr   .          Rampage  .   (no gloves)
Will    .....                   (no boots)
Stlth   ..........              (no amulet)
HPRegen 0.21/turn               (no ring)
MPRegen 0.09/turn               (no ring)

@: berserking, corroded, very quick
A: horns 2, retaliatory headbutt
a: Renounce Religion, Berserk, Trog's Hand


You were in a sewer.
You worshipped Trog.
Trog was most pleased with you.
You visited 1 branch of the dungeon, and saw 3 of its levels.
You also visited: Sewer.

You collected 120 gold pieces.

Inventory:

Hand Weapons
 a - a +0 hand axe (weapon)
Armour
 e - a +0 ring mail (worn)
Scrolls
 d - a scroll of teleportation {unknown}
 g - a scroll of fear {unknown}
Potions
 b - 3 potions of lignification {unknown}
 c - 2 potions of curing {unknown}
 f - a potion of ambrosia {unknown}
 h - a potion of degeneration {unknown}
 i - a potion of haste {unknown}


   Skills:
 + Level 4.9 Fighting
 * Level 5.9 Axes
 + Level 4.0 Armour
 - Level 2.1 Dodging


You had 4 spell levels left.
You didn't know any spells.
Your spell library was empty.

Dungeon Overview and Level Annotations

Branches:
Dungeon (3/15)              Sewer (1/1)

Altars:
Qazlal


Innate Abilities, Weirdness & Mutations

You have a pair of horns on your head.
You reflexively headbutt those who attack you in melee.


Message History

You slash the rat!
You kill the rat!
Trog accepts your kill. The jelly barely misses you.
You hit the jelly. The acid corrodes you!
Your hands burn!
You headbutt the jelly!
You kill the jelly!
Trog accepts your kill.
Your Armour skill increases to level 4!
No target in view!
You start resting.
You are no longer corroded.
You start resting.
HP restored.
You enter the shallow water.
Moving in this stuff is going to be slow.
i - a smoky dark potion A jelly comes into view.
A jelly is nearby!
Found a scroll labelled CEFUUC ZETSEYMA.
You enter the shallow water.
Moving in this stuff is going to be slow.
The jelly hits you but does no damage. The jelly hits you.
The acid corrodes you!
You are splashed with acid!
Your unstable footing causes you to fumble your attack.
The jelly hits you. The acid corrodes you!
You are splashed with acid.
You hit the jelly.
Your hands burn!
The jelly is moderately wounded.
The jelly hits you.
You are splashed with acid!
* * * LOW HITPOINT WARNING * * *
You hit the jelly but do no damage.
Your hands burn!
* * * LOW HITPOINT WARNING * * *
The jelly is moderately wounded.
The jelly hits you.
* * * LOW HITPOINT WARNING * * *
The acid corrodes you!
You are splashed with acid.
* * * LOW HITPOINT WARNING * * *
A red film seems to cover your vision as you go berserk!
You feel yourself moving faster!
You feel mighty! The jelly hits you.
You die...

##### #._.#
#...## #...≈#
####...≈#
#≈≈..≈≈≈##
##≈.≈..≈..##
##@..####...#
#≈J≈## ##.≈#
#.≈## ####..##
#.≈≈# ##≈≈≈≈≈≈##
#!.≈≈# #∩..≈.≈.≈#
#...###≈.≈###..≈#
#?≈. #≈.#
##÷≈#### ##≈≈
#≈.#. #≈≈.≈.##
##. #≈≈.≈
##...≈≈.#


You could see a jelly.

Vanquished Creatures
  2 jellies (Sewer)
  3 adders
  3 river rats
  A worm (Sewer)
  2 dart slugs
  4 ball pythons
  14 endoplasms
  4 giant cockroaches
  5 goblins
  3 hobgoblins
  4 jackals (D:2)
  3 quokkas (D:2)
  4 bats
  6 frilled lizards
  5 kobolds
  25 rats
88 creatures vanquished.

Notes
Turn   | Place    | Note
-------+----------+-------------------------------------------
     0 | D:1      | HessuHobo the Minotaur Berserker began the quest for the
                  | Orb.
     0 | D:1      | Reached XP level 1. HP: 19/19 MP: 0/0
   182 | D:1      | Reached skill level 4 in Axes
   229 | D:1      | Found a faded altar of an unknown god.
   238 | D:1      | Reached XP level 2. HP: 27/27 MP: 1/1
  1350 | D:2      | Reached XP level 3. HP: 29/33 MP: 2/2
  1358 | D:2      | Reached ** piety under Trog
  1613 | D:2      | Found a stormy altar of Qazlal.
  2006 | D:3      | Found a glowing drain.
  2012 | D:3      | Reached skill level 5 in Axes
  2012 | D:3      | Reached XP level 4. HP: 41/41 MP: 3/3
  2043 | Sewer    | Entered a sewer
  2380 | Sewer    | Reached *** piety under Trog
  2427 | Sewer    | Reached XP level 5. HP: 47/47 MP: 4/4
  2650 | Sewer    | Found a viscous altar of Jiyva.
  2776 | Sewer    | HP: 2/47 [acid (6)]
  2777 | Sewer    | Slain by a jelly

Illustrated notes

Levels and vault maps discovered:
D:1:      amcnicky_arrival_abandoned_market, layout_loops_ring,
          shapermc_ecumenical_altar_starsandcircs
D:2:      layout_rooms, basic_altar, minmay_rat_hole
D:3:      layout_loops_ring, portal_sewer_entry_b
Sewer:    sewer_hellmonk_slimy_pipes

Skill      XL: |  1  2  3  4  5 |
---------------+----------------+-----
Axes           | 4 5 |  5.9
Fighting       | 4 |  4.9
Armour         | 3 4 |  4.0
Dodging        | |  2.1

Action                   |  1- 3 |  4- 6 || total
-------------------------+-------+-------++-------
Melee: Hand axe          |   102 |    60 ||   162
       Headbutt          |    19 |    12 ||    31
Invok: Berserk           |       |     2 ||     2
 Stab: Sleeping          |     1 |       ||     1
Armor: Animal skin       |     5 |       ||     5
       Ring mail         |    19 |    11 ||    30
Dodge: Dodged            |    56 |    17 ||    73

Table legend: (Time is in decaauts)
 A = Elapsed time spent in this place.
 B = Non-inter-level travel time spent in this place.
 C = Inter-level travel time spent in this place.
 D = Time resting spent in this place.
 E = Time spent auto-exploring this place.
 F = Levels seen in this place.
 G = Mean time per level.
                   A        B        C        D        E       F      G
               +--------+--------+--------+--------+--------+-----+--------+
         Total |   2806 |   2728 |     78 |   1021 |   1317 |   4 |  701.5 |
       Dungeon |   2054 |   1976 |     78 |    496 |   1196 |   3 |  684.7 |
         Sewer |    752 |    752 |      0 |    525 |    121 |   1 |  752.0 |
               +--------+--------+--------+--------+--------+-----+--------+

Top non-repeatable levels by time:
     D:1: 1295 daAuts
   Sewer: 752 daAuts
     D:2: 666 daAuts
     D:3: 92 daAuts
